 Dungeon Crawl Stone Soup version 0.19.0-19-g8c6edcc (webtiles) character file.

100 MaikelOrtega the Gusty (level 4, 0/24 HPs)
             Began as a Tengu Air Elementalist on Nov 15, 2016.
             Slain by azzavlup's ghost (7 damage)
             ... on level 4 of the Dungeon.
             The game lasted 00:33:01 (1726 turns).

MaikelOrtega the Gusty (Tengu Air Elementalist)     Turns: 1726, Time: 00:33:02

Health: 0/24       AC:  7    Str:  6 (9)  XL:     4   Next: 74%
Magic:  7/9        EV: 13    Int: 15 (16) God:
Gold:   112        SH:  0    Dex: 13 (14) Spells: 3 memorised, 3 levels left

rFire  + . .     SeeInvis .     r - +0 morningstar
rCold  x . .     Gourm    .     a - +2 robe
rNeg   . . .     Faith    .     (no shield)
rPois  .         Spirit   .     (helmet restricted)
rElec  .         Reflect  .     (no cloak)
rCorr  .         Harm     .     t - +2 pair of gloves
MR     .....                    (boots unavailable)
Stlth  ++........               f - amulet of regeneration
                                (no ring)
                                v - ring of fire

@: repel missiles
A: beak, talons 3
a: no special abilities


You were on level 4 of the Dungeon.
You were very full.

You visited 1 branch of the dungeon, and saw 4 of its levels.

You collected 112 gold pieces.

Inventory:

Hand Weapons
 d - a +0 spear
 e - a +0 club
 l - a +0 dagger
 n - a +0 club
 p - a +0 mace
 r - a +0 morningstar (weapon)
Missiles
 g - 2 javelins of returning (quivered)
 i - 115 stones
 q - 6 javelins
 w - 63 arrows
Armour
 a - a +2 robe (worn)
 s - a +0 leather armour
 t - a +2 pair of gloves (worn)
 x - a +0 leather armour
Jewellery
 f - an amulet of regeneration (around neck)
 j - a cursed ring of ice {unknown}
 v - a ring of fire (left hand)
Scrolls
 h - a scroll of remove curse
 m - a scroll of enchant armour
Books
 b - a book of Air

   Spells                             Type                      Level
   a - Shock                          Conjuration/Air              1
   b - Swiftness                      Charms/Air                   2
   c - Repel Missiles                 Charms/Air                   2
   d - Static Discharge               Conjuration/Air              3
   e - Lightning Bolt                 Conjuration/Air              5
Comestibles
 c - 2 bread rations
 k - 10 fruits
 o - 2 meat rations


   Skills:
 + Level 0.6 Fighting
 + Level 0.7 Maces & Flails
 * Level 1.2 Throwing
 + Level 2.6 Dodging
 + Level 2.3 Stealth
 * Level 2.9 Spellcasting
 + Level 2.0 Conjurations
 + Level 0.1 Charms
 * Level 4.7 Air Magic


You had 3 spell levels left.
You knew the following spells:

 Your Spells              Type           Power        Failure   Level  Hunger
a - Shock                 Conj/Air       ##..         6%          1    #......
b - Repel Missiles        Chrm/Air       #.....       12%         2    ##.....
c - Swiftness             Chrm/Air       #.......     12%         2    ##.....


Dungeon Overview and Level Annotations

Branches:
Dungeon (4/15)
 Temple: D:4-7

Altars:

Annotations:
D:4 azzavlup's ghost, amateur GrEE


Innate Abilities, Weirdness & Mutations

You have a beak for a mouth.
You have claws for feet.


Message History

Press: ? - help, Shift-Dir - straight line The zap hits azzavlup's ghost.
Azzavlup's ghost resists.
Azzavlup's ghost is moderately damaged.
The zap hits azzavlup's ghost.
Azzavlup's ghost resists.
Azzavlup's ghost is moderately damaged.
Throwing (i - inventory. (,) - cycle):
g - 2 javelins of returning (quivered)
Press: ? - help, Shift-Dir - straight line, f - azzavlup's ghost
Aim: azzavlup's ghost, wielding a weapon of protection (moderately damaged)
You throw a javelin of returning.
The javelin of returning barely misses azzavlup's ghost.
The javelin of returning returns to your pack!
Azzavlup's ghost closely misses you.
Throwing (i - inventory. (,) - cycle):
g - 2 javelins of returning (quivered)
Press: ? - help, Shift-Dir - straight line, f/p - azzavlup's ghost
Aim: azzavlup's ghost, wielding a weapon of protection (moderately damaged)
You throw a javelin of returning.
The javelin of returning barely misses azzavlup's ghost.
The javelin of returning returns to your pack!
Azzavlup's ghost hits you!
You die...

.. .. ..# ..#
#.#############
#................
#........# ...##
#@W......# ...?##
#.8.#..####.#
..... #.#.#...#
#.# ...###
#.##...#
##'###...... ⌠.#
#..##
#........... #.#
..## #....<......
#.# .#.
#..........# .#
.⌠.# ##..........
# # ##########.


You could see azzavlup's ghost.

Vanquished Creatures
  5 adders (D:2)
  2 worms (D:2)
  A dart slug (D:3)
  3 giant cockroaches
  8 goblins
  4 hobgoblins
  2 jackals (D:2)
  A quokka (D:2)
  A ball python (D:2)
  4 bats
  3 frilled lizards
  10 kobolds
  A quokka skeleton (D:4)
  5 rats
50 creatures vanquished.

Notes
Turn   | Place    | Note
-------+----------+-------------------------------------------
     0 | D:1      | MaikelOrtega the Tengu Air Elementalist began the quest for the Orb.
     0 | D:1      | Reached XP level 1. HP: 10/10 MP: 4/4
   334 | D:1      | Reached XP level 2. HP: 15/15 MP: 4/6
   341 | D:1      | Learned a level 2 spell: Repel Missiles
   344 | D:1      | Learned a level 2 spell: Swiftness
   746 | D:2      | Reached XP level 3. HP: 12/19 MP: 2/8
  1222 | D:2      | Reached XP level 4. HP: 24/24 MP: 9/9
  1447 | D:2      | Reached skill level 1 in Throwing
  1697 | D:4      | Noticed azzavlup's ghost (amateur GrEE)
  1726 | D:4      | Slain by azzavlup's ghost

Skill      XL: |  1  2  3  4 |
---------------+-------------+-----
Conjurations   | 2 |  2.0
Throwing       | 1 |  1.2
Fighting       | |  0.6
Maces & Flails | |  0.7
Dodging        | |  2.6
Stealth        | |  2.3
Spellcasting   | |  2.9
Charms         | |  0.1
Air Magic      | |  4.7

Action                   |  1- 3 |  4- 6 || total
-------------------------+-------+-------++-------
Melee: Unarmed           |    22 |       ||    22
       Kick              |     6 |       ||     6
       Peck              |     6 |     2 ||     8
       Morningstar       |    23 |    10 ||    33
Throw: Javelin           |    21 |    25 ||    46
       Stone             |     1 |       ||     1
 Cast: Shock             |    25 |    14 ||    39
       Repel Missiles    |     1 |       ||     1
       Swiftness         |     1 |       ||     1
  Use: Scroll            |     4 |     1 ||     5
       Potion            |     2 |     1 ||     3
  Eat: Bread ration      |     1 |       ||     1
       Pizza             |     1 |       ||     1
       Meat ration       |       |     1 ||     1
Armor: Robe              |    13 |     5 ||    18
Dodge: Dodged            |    41 |    14 ||    55
       Deflected         |       |     2 ||     2
